 Dungeon Crawl Stone Soup version 0.27-a0-333-gfa571bf19a (webtiles) character file.

Game seed: 1581406590450580222

4869 Nattfarinn the Tainter (level 10, -23/63 HPs)
             Began as a Formicid Venom Mage on Feb 12, 2021.
             Was a High Priest of Cheibriados.
             Annihilated by an orc knight
             ... wielding a +0 glaive
              (28 damage)
             ... in a bailey.
             The game lasted 00:26:39 (11417 turns).

Nattfarinn the Tainter (Formicid Venom Mage)       Turns: 11417, Time: 00:26:39

Health: -23/63     AC:  5    Str: 24      XL:     10   Next: 79%
Magic:  3/22       EV: 12    Int: 39      God:    Cheibriados [*****.]
Gold:   356        SH:  6    Dex: 21 (22) Spells: 16/26 levels left

rFire    . . .     SeeInvis +   y - +5 rapier of Xacheah {flame, rElec Int+4}
rCold    . . .     Faith    .   e - +0 buckler
rNeg     . . .     Spirit   .   t - +0 leather armour
rPois    +         Reflect  .   (helmet unavailable)
rElec    +         Harm     .   (no cloak)
rCorr    .         Rampage  .   r - +0 pair of gloves
Will     ++...                  f - +0 pair of boots
Stlth    ++........             (no amulet)
HPRegen  0.20/turn              x - +6 ring of intelligence
MPRegen  0.18/turn              q - ring of willpower

@: very slightly contaminated, invisible, very slow
A: permanent stasis, dig shafts and tunnels, four strong arms, antennae 3,
talons 1, deterioration 1, poison resistance
a: Dig, Renounce Religion, Bend Time, Temporal Distortion, Slouch, Step From
Time


You were in a bailey.
You worshipped Cheibriados.
Cheibriados was extremely pleased with you.
You visited 1 branch of the dungeon, and saw 9 of its levels.
You also visited: Bailey.

You collected 590 gold pieces.
You spent 234 gold pieces at shops.

Inventory:

Hand Weapons
 b - a +0 hand axe
 m - a +2 whip of freezing
 y - the +5 rapier of Xacheah (weapon) {flame, rElec Int+4}
   (You bought it in a shop on level 6 of the Dungeon)

   It has been specially enchanted to burn those struck by it, causing extra
   injury to most foes and up to half again as much damage against particularly
   susceptible opponents.
   It affects your intelligence (+4).
   It insulates you from electricity.
Missiles
 k - 8 silver boomerangs (quivered)
Armour
 e - a +0 buckler (worn)
 f - a +0 pair of boots (worn)
 r - a +0 pair of gloves (worn)
 t - a +0 leather armour (worn)
Jewellery
 q - a ring of willpower (right hand)
 x - a +6 ring of intelligence (left hand)
Wands
 c - a wand of acid (3)
 A - a wand of iceblast (11)
 C - a wand of polymorph (7)
Scrolls
 d - 2 scrolls of immolation
 g - 3 scrolls of teleportation
 i - a scroll of fog
 j - a scroll of enchant armour
 n - a scroll of amnesia
 s - a scroll of blinking
 u - 3 scrolls of enchant weapon
 F - a scroll of acquirement {unknown}
Potions
 a - a potion of cancellation
 h - 8 potions of curing
 l - 5 potions of degeneration
 o - a potion of haste {unknown}
 p - a potion of heal wounds
 v - a potion of attraction {unknown}
 w - a potion of ambrosia {unknown}
 z - a potion of lignification {unknown}
 B - 3 potions of might {unknown}
 D - a potion of brilliance {unknown}
 E - 2 potions of invisibility


   Skills:
 - Level 1.7 Dodging
 - Level 2.4 Stealth
 - Level 4.0 Shields
 - Level 8.6 Spellcasting
 - Level 1.1 Transmutations
 + Level 5.7 Earth Magic
 - Level 14.3 Poison Magic


You had 16 spell levels left.
You knew the following spells:

 Your Spells              Type           Power        Failure   Level
a - Sting                 Tmut/Pois      100%         1%          1
b - Poisonous Vapours     Pois/Air       100%         1%          2
c - Olgreb's Toxic Radia  Pois           91%          1%          4
d - Ignite Poison         Fire/Tmut/Pois 54%          1%          3

Your spell library contained the following spells:

 Spells                   Type           Power        Failure   Level
 Sandblast                Erth           100%         1%          1
 Passwall                 Tmut/Erth      35%          1%          2
 Mephitic Cloud           Conj/Pois/Air  52%          1%          3
 Stone Arrow              Conj/Erth      78%          2%          3
 Petrify                  Tmut/Erth      43%          6%          4
 Lee's Rapid Deconstruct  Erth           28%          7%          5


Dungeon Overview and Level Annotations

Branches:
Dungeon (9/15)             Temple (0/1) D:7          Bailey (1/1)
   Lair: D:8-11         Orc: D:9-12

Altars:
Cheibriados
Dithmenos
Gozag
Makhleb
Okawaru
Qazlal
Xom
Yredelemnul
Zin
The Shining One

Shops:
D:6 (   D:8 *

Annotations:
D:3 Grinder


Innate Abilities, Weirdness & Mutations

You cannot be hasted, slowed, berserked, paralysed or teleported.
You can dig through walls and to a lower floor.
Your four strong arms can wield two-handed weapons with a shield.
You have a pair of large antennae on your head. (SInv)
You have sharp toenails.
Your body sometimes deteriorates upon taking damage.
Your system is resistant to poisons. (rPois)


Message History

Unknown command.
Your magical contamination has completely faded away.
Unknown command.
The orc knight shouts!
The orc knight roars a battlecry!
The orcs go into a battle-frenzy!
You kill the orc warrior!
Cheibriados thoroughly appreciates the change of pace.
The orc knight hits you from afar with a +0 trident!
Your body deteriorates!
You feel clumsy.
There is an open gate here.
Okay, then.
Casting: Ignite Poison (safe; 1% risk of failure)
Confirm with . or Enter, or press ? or * to list all spells.
Aiming: Sting (safe; 1% risk of failure)
Press: ? - help, Shift-Dir - straight line, f - orc knight
Aim: an orc knight, wielding a +0 trident and wearing a +0 plate armour (heavily wounded, poisoned, 22% to evade)
The sting hits the orc knight but does no damage.
The orc knight looks even sicker.
The orc knight is heavily wounded.
The orc knight hits you from afar with a +0 trident!
The orc knight roars a battlecry!
The orc knight goes into a battle-frenzy!
You see here a +0 halberd.
Unknown command.
Okay, then.
You feel much better.
The orc knight hits you from afar with a +0 trident!
The orc knight closely misses you.
It was a potion of cancellation.
You feel magically purged. You block the orc knight's attack.
It was a potion of invisibility.
You fade into invisibility!
The orc knight misses you. The orc knight closely misses you.
You are very lightly contaminated with residual magic.
The orc knight hits you from afar with a +0 trident!!
* * * LOW HITPOINT WARNING * * *
The orc knight hits you from afar with a +0 glaive!!
You die...

##### ####### ###### )...##
##.....#########..)..##
).)..######..)...)#.....#.......'
)))..#....#.......o.....'.)...).'
.....'....'.)..)@)o....)').))).)'
.)...#....#.)..).)'.....'...).).'
.).).######...)...#.....#..)..).'
...)## ##.....#########.....##
##### ####### ######


You could see 2 orc knights.

Vanquished Creatures
  Pikel (D:6)
  An orc knight (Bailey)
  Edmund (D:6)
  6 orc warriors (Bailey)
  3 ice beasts
  A sky beast (D:6)
  A necrophage (D:6)
  4 ogres
  3 centaurs
  3 lemures (D:6)
  A kobold brigand (D:7)
  7 bullfrogs
  A water moccasin skeleton (D:5)
  3 scorpions
  5 wights (D:7)
  6 hounds
  2 jellies
  2 orc priests (D:4)
  2 bullfrog skeletons
  2 centaur skeletons
  A gnoll shaman (D:6)
  10 worker ants
  3 iguanas
  6 orc wizards
  A hound zombie (D:5)
  A howler monkey zombie (D:6)
  15 adders
  8 gnolls
  A white imp (D:3)
  An ufetubus (D:8)
  2 adder skeletons
  An adder zombie (D:6)
  4 worms
  2 dart slugs
  5 leopard geckos
  60 orcs
  2 ball pythons
  8 bats
  6 giant cockroaches
  15 goblins
  6 hobgoblins
  13 jackals
  12 kobolds
  8 quokkas
  4 frilled lizards
  10 rats
260 creatures vanquished.

Notes
Turn   | Place    | Note
-------+----------+-------------------------------------------
     0 | D:1      | Nattfarinn the Formicid Venom Mage began the quest for the
                  | Orb.
     0 | D:1      | Reached XP level 1. HP: 13/13 MP: 3/3
   395 | D:1      | Reached XP level 2. HP: 19/19 MP: 0/5
  1124 | D:1      | Reached skill level 1 in Shields
  1124 | D:1      | Reached XP level 3. HP: 22/24 MP: 3/7
  1343 | D:1      | Gained mutation: Your system is resistant to poisons.
                  | (rPois) [potion of mutation]
  1343 | D:1      | Gained mutation: Your body sometimes deteriorates upon
                  | taking damage. [potion of mutation]
  1343 | D:1      | Gained mutation: You have sharp toenails. [potion of
                  | mutation]
  1552 | D:2      | Reached XP level 4. HP: 27/30 MP: 4/8
  2720 | D:3      | Reached XP level 5. HP: 35/35 MP: 5/9
  3460 | D:3      | Found an opulent altar of Gozag.
  3483 | D:3      | Noticed Grinder
  3489 | D:3      | Learned a level 2 spell: Poisonous Vapours
  3499 | D:3      | Reached skill level 5 in Poison Magic
  4083 | D:3      | You fall into a shaft and drop 3 floors!
  4090 | D:6      | Reached XP level 6. HP: 33/41 MP: 5/11
  4152 | D:6      | Learned a level 4 spell: Olgreb's Toxic Radiance
  4244 | D:6      | Reached skill level 6 in Poison Magic
  4481 | D:5      | Entered Level 5 of the Dungeon
  4488 | D:5      | Found a burning altar of Makhleb.
  4510 | D:5      | Found a shadowy altar of Dithmenos.
  4681 | D:5      | Reached XP level 7. HP: 43/46 MP: 11/13
  4718 | D:5      | Reached skill level 7 in Poison Magic
  5376 | D:5      | Reached skill level 8 in Poison Magic
  5378 | D:5      | Reached skill level 5 in Spellcasting
  5514 | D:5      | Found a snail-covered altar of Cheibriados.
  5543 | D:5      | Became a worshipper of Cheibriados the Contemplative
  5571 | D:5      | Reached XP level 8. HP: 50/52 MP: 2/15
  5923 | D:4      | Reached skill level 9 in Poison Magic
  6226 | D:4      | Reached * piety under Cheibriados
  6545 | D:4      | Found an iron altar of Okawaru.
  6598 | D:4      | Found a glowing silver altar of Zin.
  6770 | D:5      | Reached skill level 10 in Poison Magic
  7462 | D:6      | Found a burning altar of Makhleb.
  7483 | D:6      | Reached XP level 9. HP: 54/57 MP: 9/18
  7587 | D:6      | Noticed Pikel
  7601 | D:6      | Killed Pikel
  7602 | D:6      | Reached skill level 11 in Poison Magic
  7792 | D:6      | Learned a level 3 spell: Ignite Poison
  7797 | D:6      | Found a stormy altar of Qazlal.
  7802 | D:6      | Reached skill level 12 in Poison Magic
  7841 | D:6      | Reached ** piety under Cheibriados
  8167 | D:6      | Noticed Edmund
  8171 | D:6      | Killed Edmund
  8279 | D:6      | Found a shimmering altar of Xom.
  8466 | D:6      | Found Howkaf's Antique Weapon Shop.
  8471 | D:6      | Bought a twisted rapier for 234 gold pieces
  8471 | D:6      | Identified the +5 rapier of Xacheah {flame, rElec Int+4}
                  | (You bought it in a shop on level 6 of the Dungeon)
  8602 | D:7      | Found a staircase to the Ecumenical Temple.
  8781 | D:7      | Found a glowing golden altar of the Shining One.
  9015 | D:7      | Reached skill level 13 in Poison Magic
  9169 | D:7      | Reached XP level 10. HP: 63/63 MP: 13/21
 10094 | D:7      | Found a basalt altar of Yredelemnul.
 10174 | D:8      | Found Eteammuf's Assorted Antiques.
 10325 | D:8      | Reached *** piety under Cheibriados
 10408 | D:8      | Reached skill level 14 in Poison Magic
 11042 | D:9      | Found a shimmering altar of Xom.
 11206 | D:9      | Found a flagged portal.
 11215 | Bailey   | Entered a bailey
 11248 | Bailey   | Reached **** piety under Cheibriados
 11250 | Bailey   | Reached skill level 1 in Earth Magic
 11396 | Bailey   | Noticed an orc knight
 11400 | Bailey   | Killed an orc knight
 11400 | Bailey   | Reached ***** piety under Cheibriados
 11401 | Bailey   | Reached skill level 5 in Earth Magic
 11401 | Bailey   | Noticed an orc knight
 11407 | Bailey   | Noticed an orc knight
 11417 | Bailey   | Annihilated by an orc knight

Illustrated notes

Levels and vault maps discovered:
D:1:      dpeg_arrival_snail, layout_basic
D:2:      layout_loops_corners, kennysheep_generic_room_2
D:3:      layout_rooms, fedhas_altar_4, grunt_gozag_statues, uniq_grinder
D:4:      layout_cave_pools, kennysheep_okawaru_gauntlet, zin_treasury
D:5:      layout_loops_cross, lemuel_doored_altar, grunt_dithmenos_smoke,
          basic_altar, moated_statue
D:6:      layout_loops_ring, nicolae_overflow_crystal_walls, old_standard_altar,
          serial_shops, kennysheep_little_box, basic_altar, minmay_between,
          uniq_pikel, uniq_edmund
D:7:      layout_loops_ring, marbit_many_paths, general_overflow_altar,
          minmay_temple_entry_wispy, nicolae_ossuary_entry_plus, minivault_24
D:8:      layout_rooms, serial_shops, nicolae_shop_behind_doors,
          minmay_misc_feat_doors
D:9:      minmay_goldmine, layout_cross, lemuel_crystal_altar,
          kennysheep_mini_moat, enter_bailey_7
Bailey:   bailey_polearm_5, bailey

Skill      XL: |  1  2  3  4  5  6  7  8  9 10 |
---------------+-------------------------------+-----
Spellcasting   | 3 4 5 6 7 8 |  8.6
Shields        | 1 2 4 |  4.0
Poison Magic   | 5 6 8 10 13 14 | 14.3
Earth Magic    | 5 |  5.7
Dodging        | |  1.7
Stealth        | |  2.4
Transmutations | |  1.1

Action                   |  1- 3 |  4- 6 |  7- 9 | 10-12 || total
-------------------------+-------+-------+-------+-------++-------
Melee: Hand axe          |    15 |    33 |       |       ||    48
       Whip              |       |    30 |   136 |       ||   166
       Rapier            |       |       |    13 |    84 ||    97
 Cast: Sting             |    48 |   136 |    56 |     1 ||   241
       Olgreb's Toxic Ra |       |       |    41 |    15 ||    56
       Ignite Poison     |       |       |    12 |    10 ||    22
 Abil: Shaft Self        |       |     1 |       |       ||     1
  Use: Potion            |     3 |     1 |       |     3 ||     7
       Scroll            |       |       |     2 |     8 ||    10
 Stab: Sleeping          |       |     1 |     1 |     2 ||     4
       Distracted        |       |       |       |     1 ||     1
Armor: Robe              |     6 |    20 |    15 |       ||    41
       Leather armour    |       |       |    17 |    23 ||    40
Dodge: Dodged            |    30 |    90 |   101 |    47 ||   268
Block: Buckler           |     7 |    33 |    52 |    12 ||   104

Table legend: (Time is in decaauts)
 A = Elapsed time spent in this place.
 B = Non-inter-level travel time spent in this place.
 C = Inter-level travel time spent in this place.
 D = Time resting spent in this place.
 E = Time spent auto-exploring this place.
 F = Levels seen in this place.
 G = Mean time per level.
                   A        B        C        D        E       F      G
               +--------+--------+--------+--------+--------+-----+--------+
         Total |  12672 |  12226 |    446 |   3794 |   6660 |  10 | 1267.2 |
       Dungeon |  12418 |  11972 |    446 |   3730 |   6542 |   9 | 1379.8 |
        Bailey |    254 |    254 |      0 |     64 |    117 |   1 |  254.0 |
               +--------+--------+--------+--------+--------+-----+--------+

Top non-repeatable levels by time:
     D:6: 2285 daAuts
     D:7: 1925 daAuts
     D:5: 1763 daAuts
     D:2: 1627 daAuts
     D:1: 1427 daAuts
     D:3: 1048 daAuts
     D:8: 1047 daAuts
     D:4: 971 daAuts
     D:9: 321 daAuts
  Bailey: 254 daAuts
